 Dungeon Crawl Stone Soup version 0.18.1-5-g4a78601 (webtiles) character file.

62 imganon the Chopper (level 3, -9/43 HPs)
             Began as a Demonspawn Berserker on May 11, 2016.
             Was a Believer of Trog.
             Killed by nerve-wracking pain
             ... invoked by Jessica
              (13 damage)
             ... on level 2 of the Dungeon.
             The game lasted 00:01:39 (1250 turns).

imganon the Chopper (Demonspawn Berserker)          Turns: 1250, Time: 00:01:40

Health: -9/43      AC:  8    Str: 23    XL:     3   Next: 85%
Magic:  3/3        EV:  8    Int:  8    God:    Trog [**....]
Gold:   74         SH:  0    Dex: 12    Spells: 0 memorised, 2 levels left

rFire  . . .     SeeInvis .     a - +0 hand axe
rCold  . . .     Gourm    .     e - +0 chain mail
rNeg   . . .     Faith    .     (no shield)
rPois  .         Spirit   .     (no helmet)
rElec  .         Dismiss  .     (no cloak)
rCorr  .         Reflect  .     (no gloves)
SustAt .         Harm     .     (no boots)
MR     .....                    (no amulet)
Stlth  ..........               (no ring)
                                (no ring)

@: berserking, very quick, not resistant to hostile enchantments, extremely
unstealthy
A: talons 1, spiny 1
a: Berserk, Trog's Hand, Burn Spellbooks, Renounce Religion


You were on level 2 of the Dungeon.
You worshipped Trog.
Trog was pleased with you.
You were not hungry.

You visited 1 branch of the dungeon, and saw 2 of its levels.

You collected 74 gold pieces.

Inventory:

Hand Weapons
 a - a +0 hand axe (weapon)
Armour
 e - a +0 chain mail (worn)
Scrolls
 b - a scroll of magic mapping {unknown}
 i - a scroll of noise {unknown}
Potions
 d - a potion of curing {unknown}
 g - a potion of heal wounds {unknown}
 k - 2 potions of flight {unknown}
Comestibles
 c - a bread ration
 f - 2 fruits
 h - a meat ration
 j - a chunk of flesh


   Skills:
 - Level 3.0 Fighting
 + Level 4.3 Axes
 - Level 1.7 Armour
 - Level 1.7 Dodging


You had 2 spell levels left.
You didn't know any spells.

Dungeon Overview and Level Annotations

Branches:
Dungeon (2/15)

Altars:

Annotations:
D:2 Jessica


Innate Abilities, Weirdness & Mutations

You have sharp toenails.
You are partially covered in sharp spines.


Message History

You closely miss Jessica. You claw Jessica.
Jessica is lightly wounded.
Jessica hits you but does no damage. x2
Your chain mail prevents you from hitting Jessica.
You claw Jessica, but do no damage. Jessica is struck by your spines.
Jessica hits you with a dagger.
You hit Jessica. You claw Jessica, but do no damage.
Jessica is heavily wounded.
Jessica points at you and mumbles some strange words.
Pain shoots through your body!
* * * LOW HITPOINT WARNING * * *
Jessica shouts, "I don't like beings like you!"
Jessica hits you with a dagger.
* * * LOW HITPOINT WARNING * * *
A red film seems to cover your vision as you go berserk!
You feel yourself moving faster!
You feel mighty!
You feel somewhat more hungry. Jessica hits you but does no damage.
Jessica casts a spell at you. Pain shoots through your body!
You die...

#.......................
#.....(................#
##..............#########
................# #..
.......†.....#### #..
......†).....##########..
###..........##..........
##..........##..........
#.......@....##..........
#........@...##......?...
#...######.####..........
#... #.# #.......... ###
#.. #.......... ##.#
#######.... .. #........
## #.######. #...# #.


You could see Jessica.

Vanquished Creatures
  3 adders (D:2)
  An ooze (D:1)
  A giant cockroach (D:2)
  3 goblins
  9 hobgoblins
  4 kobolds
  3 bats
  4 rats
28 creatures vanquished.

Notes
Turn   | Place    | Note
--------------------------------------------------------------
     0 | D:1      | imganon the Demonspawn Berserker began the quest for the Orb.
     0 | D:1      | Reached XP level 1. HP: 18/18 MP: 1/1
    81 | D:1      | Reached skill level 3 in Axes
   304 | D:1      | Gained mutation: You are partially covered in sharp spines. [demonic ancestry]
   304 | D:1      | Reached XP level 2. HP: 12/24 MP: 2/2
   863 | D:2      | Gained mutation: You have sharp toenails. [demonic ancestry]
   863 | D:2      | Reached XP level 3. HP: 25/29 MP: 3/3
   937 | D:2      | Reached skill level 4 in Axes
  1169 | D:2      | Reached ** piety under Trog
  1236 | D:2      | Noticed Jessica
  1250 | D:2      | Killed from afar by Jessica

Skill      XL: |  1  2  3 |
---------------+----------+-----
Axes           | 3 4 |  4.3
Fighting       | |  3.0
Armour         | |  1.7
Dodging        | |  1.7

Action                   || total
-------------------------++-------
Melee: Hand axe          ||    64
       Kick              ||     6
Invok: Berserk           ||     1
  Use: Scroll            ||     2
 Stab: Sleeping          ||     1
  Eat: Chunk             ||     1
Armor: Animal skin       ||     5
       Chain mail        ||    11
Dodge: Dodged            ||    32
